 Dungeon Crawl Stone Soup version 0.24.0-41-g2ae2f7f1be (webtiles) character file.

Game seed: 193902265842161695, levelgen mode: deterministic

23432 FishyPogo the Summoner (level 13, -2/98 HPs)
             Began as a Gnoll Summoner on Dec 12, 2019.
             Was the Champion of Makhleb.
             Killed by divine providence
             ... invoked by a meliai
              (14 damage)
             ... on level 4 of the Lair of Beasts on Dec 13, 2019.
             The game lasted 01:51:01 (11859 turns).

FishyPogo the Summoner (Gnoll Summoner)            Turns: 11859, Time: 01:51:02

Health: -2/98      AC:  8    Str: 15    XL:     13   Next: 6%
Magic:  12/26      EV: 27    Int: 17    God:    Makhleb [******]
Gold:   490        SH: 13    Dex: 22    Spells: 11/30 levels left

rFire    + . .     SeeInvis .   a - +5 falchion (flame)
rCold    + . .     Gourm    .   r - +0 buckler
rNeg     . . .     Faith    .   A - +2 ring mail {rF+}
rPois    .         Spirit   .   (no helmet)
rElec    .         Reflect  +   H - +0 cloak
rCorr    .         Harm     .   t - +0 pair of gloves
MR       .....                  (no boots)
Stlth    +++++.....             Q - +6 amulet of reflection
HPRegen  0.26/turn              q - +4 ring of evasion
MPRegen  0.20/turn              e - ring of wizardry

@: agile, lethally poisoned (-2 -> -7), hasted, very quick
A: distributed training, fangs 1, cold resistance 1, deformed body, strong nose
a: Minor Destruction, Lesser Servant of Makhleb, Major Destruction, Greater
Servant of Makhleb, Renounce Religion


You were on level 4 of the Lair of Beasts.
You worshipped Makhleb.
Makhleb was exalted by your worship.
You were very hungry.

You visited 2 branches of the dungeon, and saw 17 of its levels.

You collected 791 gold pieces.
You spent 301 gold pieces at shops.

Inventory:

Hand Weapons
 a - a +5 falchion of flaming (weapon)
 u - a +1 falchion of holy wrath
 C - a +4 dagger of chaos
 T - the +2 flail "Koabbeul" {crush, *Drain rPois rF++ Str+2}
   (You found it on level 2 of the Lair of Beasts)

   It inflicts extra damage upon your enemies.
   It affects your strength (+2).
   It greatly protects you from fire.
   It protects you from poison.
   It causes draining when unequipped.
Missiles
 g - 532 stones
 n - 76 poisoned darts (quivered)
 w - 10 boomerangs
 V - 9 curare-tipped darts
 W - 3 atropa-tipped darts
Armour
 r - a +0 buckler (worn)
 t - a +0 pair of gloves (worn)
 A - a +2 ring mail of fire resistance (worn)
 H - a +0 cloak (worn)
 O - a +0 robe of positive energy
Jewellery
 e - a ring of wizardry (right hand)
 h - an uncursed ring of protection from cold
 q - a +4 ring of evasion (left hand)
 Q - a +6 amulet of reflection (around neck)
 S - an uncursed ring of magical power {unknown}
 X - a cursed amulet of inaccuracy {unknown}
Wands
 b - a wand of acid (9)
 j - a wand of disintegration (8)
 k - a wand of polymorph (10)
 v - a wand of random effects (29)
 F - a wand of clouds (3)
 I - a wand of paralysis (7)
 J - a wand of flame (30)
 M - a wand of iceblast (15)
 U - a wand of scattershot (3)
Scrolls
 d - 6 scrolls of identify
 i - a scroll of blinking
 l - a scroll of magic mapping
 m - 2 scrolls of enchant armour
 o - 2 scrolls of immolation
 s - 6 scrolls of teleportation
 y - 3 scrolls of noise
 B - 4 scrolls of remove curse
 D - 5 scrolls of fog
 L - a scroll of amnesia
 Y - a scroll of enchant weapon
Potions
 f - 3 potions of haste
 p - 2 potions of agility
 x - 3 potions of heal wounds
 z - 2 potions of berserk rage
 E - a potion of magic
 G - 2 potions of invisibility
 K - a potion of resistance
 N - 3 potions of curing
 P - a potion of might
 R - a potion of brilliance
Comestibles
 c - 40 rations


   Skills:
 + Level 7.8 Fighting
 + Level 7.8 Short Blades
 + Level 7.8 Long Blades
 + Level 7.8 Axes
 + Level 7.8 Maces & Flails
 + Level 7.8 Polearms
 + Level 7.8 Staves
 + Level 7.8 Slings
 + Level 7.8 Bows
 + Level 7.8 Crossbows
 + Level 7.8 Throwing
 + Level 7.8 Armour
 + Level 9.1 Dodging
 + Level 8.9 Stealth
 + Level 7.8 Shields
 + Level 7.8 Unarmed Combat
 + Level 9.3 Spellcasting
 + Level 6.4 Conjurations
 + Level 6.4 Hexes
 + Level 6.4 Charms
 + Level 9.7 Summonings
 + Level 6.4 Necromancy
 + Level 6.4 Translocations
 + Level 6.4 Transmutations
 + Level 6.4 Fire Magic
 + Level 6.4 Ice Magic
 + Level 6.4 Air Magic
 + Level 6.4 Earth Magic
 + Level 6.4 Poison Magic
 + Level 8.5 Invocations
 + Level 7.8 Evocations


You had 11 spell levels left.
You knew the following spells:

 Your Spells              Type           Power        Failure   Level  Hunger
b - Bolt of Magma         Conj/Fire/Erth ####......   13%         5    #####..
i - Summon Ice Beast      Ice/Summ       #####...     2%          4    ###....
k - Call Canine Familiar  Summ           #####...     1%          3    None
l - Summon Lightning Spi  Summ/Air       #####...     2%          4    ###....
p - Call Imp              Summ           #####...     1%          2    None
y - Summon Small Mammal   Summ           ####         1%          1    None

Your spell library contained the following spells:

 Spells                   Type           Power        Failure   Level  Hunger
 Corona                   Hex            ####...      1%          1    None
 Slow                     Hex            ####....     1%          2    None
 Inner Flame              Hex/Fire       ####....     1%          3    None
 Portal Projectile        Hex/Tloc       ####..       1%          3    None
 Summon Guardian Golem    Hex/Summ       #####...     1%          3    None
 Cause Fear               Hex            ####......   4%          4    ###....
 Leda's Liquefaction      Hex/Erth       ####......   4%          4    ###....
 Iskenderun's Battlesphe  Conj/Chrm      ####....     13%         5    #####..
 Venom Bolt               Conj/Pois      ####......   13%         5    #####..
 Iron Shot                Conj/Erth      ####......   54%         6    ######.
 Spellforged Servitor     Conj/Summ      #####.....   86%         7    #######
 Orb of Destruction       Conj           ####......   98%         7    #######


Dungeon Overview and Level Annotations

Branches:
Dungeon (11/15)            Temple (0/1) D:6            Lair (6/6) D:10
 Shoals (0/4) Lair:4        Snake (0/4) Lair:3          Orc (0/2) D:9
  Slime: Lair:5-6

Altars:
Ashenzari
Dithmenos
Kikubaaqudgha
Makhleb
Nemelex Xobeh
Vehumet

Shops:
D:6 ***(*

Annotations:
Lair:3 2 runed translucent doors, Luuwnalu's ghost, journeyman KoHu


Innate Abilities, Weirdness & Mutations

Your experience applies equally to all skills.
You have very sharp teeth.
Your uncanny sense of smell can sniff out nearby items.
Your flesh is cold resistant. (rC+)
Armour fits poorly on your strangely shaped body.


Message History

You burn the killer bee.
The killer bee is heavily wounded.
Your ufetubus hits the queen bee.
Your ufetubus hits the queen bee but does no damage.
The meliai mumbles some strange prayers to its god against you.
Something smites you!
* * * LOW HITPOINT WARNING * * *
Your ufetubus barely misses the queen bee. x3
Your ufetubus hits the queen bee.
The queen bee calls on something to defend it!
Your ynoxinul closely misses the killer bee.
The killer bee completely misses you.
You riposte.
You hit the killer bee. You burn the killer bee.
You kill the killer bee!
Makhleb accepts your kill.
You feel better. The killer bee closely misses you.
Okay, then.
The meliai mumbles some strange prayers to its god against you.
Something smites you!
You die...

#...# #.....#. #...##
####...... #....#
##.......# .....###
#....†..# .......###
#....†††## ÷........#
####yy.5.# .........#
#..D#yy5.##
.........#
###.y.355P#
#........# #.8@#.####
#.##.....### ##..###
..###....#.# #..##
..# ##.#..## #P.##
..######..# #.<.####
.....#.P.#####...##.#
#P.......##........>#
##........##........#
.........##P........#


You could see a seven-headed hydra, a queen bee, a meliai, 2 killer bees, a
friendly ynoxinul, a friendly lightning spire and 4 friendly ufetubi.

Vanquished Creatures
  2 hydras (Lair:4)
  A two-headed ogre (D:10)
  5 death yaks (D:10)
  An unseen horror (D:10)
  2 elephants
  7 spiny frogs
  2 rime drakes
  A polar bear (Lair:4)
  2 meliai (Lair:4)
  A troll (D:10)
  2 blink frogs
  A meliai zombie (D:10)
  4 yaks
  A hog (D:8)
  A basilisk (Lair:1)
  A water moccasin (Lair:2)
  A porcupine (Lair:2)
  3 orc warriors (D:10)
  2 sky beasts
  An ice beast (D:11)
  3 phantoms
  2 centaurs
  A crocodile (D:10)
  9 bullfrogs
  A scorpion (D:8)
  A wyvern skeleton (D:7)
  2 troll zombies (D:9)
  11 killer bees
  3 wights
  2 electric eels (Lair:1)
  3 crimson imps
  2 centaur zombies (D:11)
  3 centaur skeletons
  4 jellies
  An orc priest (D:10)
  2 bullfrog skeletons
  5 hounds
  An iguana (D:9)
  7 orc wizards
  5 hell rats (Lair:2)
  5 worker ants
  2 ogre zombies (D:9)
  A hound zombie (D:5)
  2 hound skeletons
  2 worker ant zombies
  2 gnolls
  A howler monkey skeleton (D:9)
  5 adders
  4 river rats (Lair:2)
  2 adder skeletons
  A dart slug (D:1)
  7 leopard geckos
  22 orcs
  2 giant cockroaches (D:8)
  3 goblins
  2 hobgoblins (D:1)
  2 jackals (D:5)
  A quokka (D:2)
  3 bats
  4 frilled lizards
  A hobgoblin zombie (D:9)
  7 kobolds
  A leopard gecko skeleton (D:4)
  6 orc zombies (D:9)
  8 rats
  A fungus (Lair:4)
206 creatures vanquished.

Vanquished Creatures (collateral kills)
  A catoblepas (Lair:2)
  A two-headed ogre (D:11)
  Sonja (Lair:3)
  Nergalle (D:10)
  An ugly thing (D:11)
  A deep elf mage (D:11)
  A manticore (Lair:4)
  4 elephants
  2 black mambas
  Psyche (D:8)
  A spiny frog (Lair:1)
  The ghost of Delarado the Martial Artist, a novice OpFi (D:5)
  A rime drake (Lair:4)
  4 komodo dragons
  4 trolls (D:11)
  4 blink frogs (Lair:1)
  5 hippogriffs
  A wyvern (Lair:4)
  12 yaks
  3 hogs (D:8)
  A steam dragon (D:7)
  A human (D:8)
  2 water moccasins
  A porcupine (Lair:4)
  2 orc warriors
  A black bear (D:10)
  4 phantoms
  An ice beast (D:5)
  A necrophage (D:11)
  3 ogres
  5 centaurs
  A crocodile (Lair:1)
  2 bullfrogs
  2 scorpions
  12 killer bees
  2 troll zombies (D:9)
  6 wights
  A howler monkey (D:11)
  3 crimson imps
  A centaur zombie (D:10)
  A quasit (D:10)
  6 orc priests
  A hound (D:5)
  5 orc wizards
  2 centaur skeletons
  2 iguanas
  4 worker ants
  2 ogre zombies (D:9)
  5 gnolls
  5 adders
  A river rat (Lair:2)
  2 oozes (D:1)
  A worm (D:2)
  A dart slug (D:1)
  4 leopard geckos
  20 orcs
  15 giant cockroaches
  6 goblins
  A hobgoblin (D:4)
  15 jackals
  3 kobolds (D:1)
  A quokka (D:11)
  2 bats
  2 goblin skeletons (D:9)
  4 goblin zombies (D:9)
  2 hobgoblin skeletons (D:9)
  A hobgoblin zombie (D:9)
  9 orc zombies (D:9)
  A rat (Lair:2)
  A fungus (Lair:3)
227 creatures vanquished.

Vanquished Creatures (others)
  An air elemental (D:11)
  A water elemental (D:11)
  A wight (D:8)
  4 fungi
  A plant (Lair:4)
8 creatures vanquished.

Grand Total: 441 creatures vanquished

Notes
Turn   | Place    | Note
-------+----------+-------------------------------------------
     0 | D:1      | FishyPogo the Gnoll Summoner began the quest for the Orb.
     0 | D:1      | Reached XP level 1. HP: 13/13 MP: 6/6
   116 | D:1      | Reached XP level 2. HP: 3/19 MP: 4/7
   650 | D:1      | Reached XP level 3. HP: 24/25 MP: 9/9
   733 | D:2      | Reached skill level 5 in Spellcasting
  1006 | D:2      | Reached skill level 1 in Invocations
  1227 | D:2      | Reached skill level 1 in Fighting
  1227 | D:2      | Reached skill level 1 in Short Blades
  1227 | D:2      | Reached skill level 1 in Long Blades
  1227 | D:2      | Reached skill level 1 in Axes
  1227 | D:2      | Reached skill level 1 in Maces & Flails
  1227 | D:2      | Reached skill level 1 in Polearms
  1227 | D:2      | Reached skill level 1 in Staves
  1227 | D:2      | Reached skill level 1 in Slings
  1227 | D:2      | Reached skill level 1 in Bows
  1227 | D:2      | Reached skill level 1 in Crossbows
  1227 | D:2      | Reached skill level 1 in Throwing
  1227 | D:2      | Reached skill level 1 in Armour
  1227 | D:2      | Reached skill level 1 in Shields
  1227 | D:2      | Reached skill level 1 in Unarmed Combat
  1227 | D:2      | Reached skill level 1 in Evocations
  1227 | D:2      | Reached XP level 4. HP: 32/32 MP: 9/11
  1734 | D:3      | Found a burning altar of Makhleb.
  1734 | D:3      | Found a sparkling altar of Nemelex Xobeh.
  1741 | D:3      | Became a worshipper of Makhleb the Destroyer
  1773 | D:3      | Learned a level 2 spell: Call Imp
  1777 | D:3      | Learned a level 3 spell: Call Canine Familiar
  1782 | D:3      | Learned a level 4 spell: Summon Lightning Spire
  1894 | D:3      | Found an ancient bone altar of Kikubaaqudgha.
  1905 | D:3      | Found a shattered altar of Ashenzari.
  2180 | D:4      | Reached skill level 1 in Conjurations
  2180 | D:4      | Reached skill level 1 in Hexes
  2180 | D:4      | Reached skill level 1 in Charms
  2180 | D:4      | Reached skill level 1 in Necromancy
  2180 | D:4      | Reached skill level 1 in Translocations
  2180 | D:4      | Reached skill level 1 in Transmutations
  2180 | D:4      | Reached skill level 1 in Fire Magic
  2180 | D:4      | Reached skill level 1 in Ice Magic
  2180 | D:4      | Reached skill level 1 in Air Magic
  2180 | D:4      | Reached skill level 1 in Earth Magic
  2180 | D:4      | Reached skill level 1 in Poison Magic
  2193 | D:4      | Noticed a phantom
  2253 | D:4      | Killed a phantom
  2253 | D:4      | Reached XP level 5. HP: 23/37 MP: 8/12
  2555 | D:4      | Gained mutation: Armour fits poorly on your strangely
                  | shaped body. [potion of mutation]
  2555 | D:4      | Gained mutation: Your flesh is cold resistant. (rC+)
                  | [potion of mutation]
  2561 | D:4      | Reached XP level 6. HP: 26/44 MP: 13/13
  2676 | D:4      | Learned a level 4 spell: Summon Ice Beast
  2722 | D:4      | Noticed a phantom
  2732 | D:4      | Killed a phantom
  2864 | D:4      | Reached skill level 5 in Dodging
  3132 | D:4      | Reached * piety under Makhleb
  3147 | D:5      | Entered Level 5 of the Dungeon
  3154 | D:5      | Reached XP level 7. HP: 38/50 MP: 5/15
  3226 | D:5      | Noticed a yak
  3295 | D:5      | Noticed a yak
  3300 | D:5      | Noticed a yak
  3303 | D:5      | Killed a yak
  3303 | D:5      | Killed a yak
  3303 | D:5      | Reached skill level 5 in Stealth
  3306 | D:5      | Killed a yak
  3340 | D:5      | Reached XP level 8. HP: 54/57 MP: 11/16
  3493 | D:5      | Found a large runed translucent door.
  3494 | D:5      | Found a large runed translucent door.
  3497 | D:5      | Noticed Delarado's ghost (novice OpFi)
  3510 | D:5      | Killed Delarado's ghost
  3583 | D:5      | Found a radiant altar of Vehumet.
  3599 | D:5      | Reached ** piety under Makhleb
  3944 | D:6      | Found a staircase to the Ecumenical Temple.
  4043 | D:6      | Found Ybog's General Store.
  4046 | D:6      | Bought a scroll of enchant weapon for 90 gold pieces
  4094 | D:6      | Found Mefarph's General Store.
  4170 | D:6      | Found Pezoodaa's Weapon Shop.
  4246 | D:6      | Reached XP level 9. HP: 37/65 MP: 8/18
  4270 | D:6      | Found Xaseth's Assorted Antiques.
  4276 | D:6      | Bought a scroll labeled EREILAH NUDUWI for 19 gold pieces
  4276 | D:6      | Bought a scroll labeled ZITZOWKOIMU for 19 gold pieces
  4276 | D:6      | Bought an amethyst potion for 17 gold pieces
  4276 | D:6      | Bought a silvery potion for 17 gold pieces
  4276 | D:6      | Bought a scroll labeled SORIOT AKLA for 19 gold pieces
  4306 | D:6      | Found a shadowy altar of Dithmenos.
  4646 | D:6      | Found Nuneg's General Store.
  4651 | D:6      | Bought a scroll of identify for 24 gold pieces
  4651 | D:6      | Bought a potion of invisibility for 96 gold pieces
  5518 | D:8      | HP: 1/65 [something/puff of flame (4)]
  5601 | D:8      | Reached *** piety under Makhleb
  5702 | D:8      | Noticed Psyche
  5909 | D:8      | Killed Psyche
  6001 | D:8      | Reached skill level 5 in Invocations
  6133 | D:8      | Reached XP level 10. HP: 25/73 MP: 8/20
  6484 | D:9      | Reached **** piety under Makhleb
  6511 | D:9      | Reached skill level 5 in Fighting
  6511 | D:9      | Reached skill level 5 in Short Blades
  6511 | D:9      | Reached skill level 5 in Long Blades
  6511 | D:9      | Reached skill level 5 in Axes
  6511 | D:9      | Reached skill level 5 in Maces & Flails
  6511 | D:9      | Reached skill level 5 in Polearms
  6511 | D:9      | Reached skill level 5 in Staves
  6511 | D:9      | Reached skill level 5 in Slings
  6511 | D:9      | Reached skill level 5 in Bows
  6511 | D:9      | Reached skill level 5 in Crossbows
  6511 | D:9      | Reached skill level 5 in Throwing
  6511 | D:9      | Reached skill level 5 in Armour
  6511 | D:9      | Reached skill level 5 in Shields
  6511 | D:9      | Reached skill level 5 in Unarmed Combat
  6511 | D:9      | Reached skill level 5 in Evocations
  6554 | D:9      | Found a staircase to the Orcish Mines.
  6717 | D:9      | Reached ***** piety under Makhleb
  7247 | D:10     | Entered Level 10 of the Dungeon
  7285 | D:10     | Noticed a death yak
  7287 | D:10     | Noticed a death yak
  7289 | D:10     | Noticed a two-headed ogre
  7292 | D:10     | Noticed a death yak
  7295 | D:10     | Noticed a death yak
  7299 | D:10     | Noticed a death yak
  7303 | D:10     | Killed a death yak
  7309 | D:10     | Killed a two-headed ogre
  7321 | D:10     | Killed a death yak
  7327 | D:10     | Killed a death yak
  7327 | D:10     | Reached XP level 11. HP: 81/81 MP: 2/22
  7336 | D:10     | Killed a death yak
  7350 | D:10     | Killed a death yak
  7385 | D:10     | Reached skill level 5 in Conjurations
  7385 | D:10     | Reached skill level 5 in Hexes
  7385 | D:10     | Reached skill level 5 in Charms
  7385 | D:10     | Reached skill level 5 in Necromancy
  7385 | D:10     | Reached skill level 5 in Translocations
  7385 | D:10     | Reached skill level 5 in Transmutations
  7385 | D:10     | Reached skill level 5 in Fire Magic
  7385 | D:10     | Reached skill level 5 in Ice Magic
  7385 | D:10     | Reached skill level 5 in Air Magic
  7385 | D:10     | Reached skill level 5 in Earth Magic
  7385 | D:10     | Reached skill level 5 in Poison Magic
  7435 | D:10     | Found a staircase to the Lair.
  7565 | D:10     | Killed an unseen horror
  7651 | D:10     | Noticed Nergalle
  7688 | D:10     | Killed Nergalle
  8229 | D:11     | Noticed a white ugly thing
  8242 | D:11     | Killed a white ugly thing
  8348 | D:11     | Noticed a two-headed ogre
  8361 | D:11     | Killed a two-headed ogre
  8481 | D:11     | Noticed a deep elf mage
  8487 | D:11     | Killed a deep elf mage
  8626 | Lair:1   | Entered Level 1 of the Lair of Beasts
  8686 | Lair:1   | Got a warped graven amulet
  8688 | Lair:1   | Identified the amulet "Ocsiulur" {Inacc +Blink MR++ Dex-5
                  | Stlth+} (You found it on level 1 of the Lair of Beasts)
  8772 | Lair:1   | Reached XP level 12. HP: 65/89 MP: 16/24
  9687 | Lair:2   | Reached ****** piety under Makhleb
  9830 | Lair:2   | Got a pitted flail
  9831 | Lair:2   | Identified the cursed +2 flail "Koabbeul" {crush, *Drain
                  | rPois rF++ Str+2} (You found it on level 2 of the Lair of
                  | Beasts)
 10140 | Lair:2   | Noticed a catoblepas
 10162 | Lair:2   | Killed a catoblepas
 10310 | Lair:3   | Found a staircase to the Snake Pit.
 10311 | Lair:3   | Found a burning altar of Makhleb.
 10547 | Lair:3   | Noticed Sonja
 10557 | Lair:3   | Killed Sonja
 10871 | Lair:3   | Found a large runed translucent door.
 10871 | Lair:3   | Found a large runed translucent door.
 10914 | Lair:3   | Noticed Luuwnalu's ghost (journeyman KoHu)
 11292 | Lair:4   | Noticed a six-headed hydra
 11399 | Lair:4   | Killed a one-headed hydra
 11407 | Lair:4   | Found a staircase to the Shoals.
 11604 | Lair:4   | You fall into a shaft and drop 2 floors!
 11604 | Lair:6   | Entered Level 6 of the Lair of Beasts
 11629 | Lair:6   | Noticed a death yak
 11629 | Lair:6   | Noticed a death yak
 11629 | Lair:6   | Noticed a death yak
 11631 | Lair:6   | Noticed a death yak
 11676 | Lair:4   | Noticed a six-headed hydra
 11691 | Lair:4   | Killed a two-headed hydra
 11778 | Lair:4   | Learned a level 5 spell: Bolt of Magma
 11841 | Lair:4   | Noticed an eight-headed hydra
 11841 | Lair:4   | Reached XP level 13. HP: 98/98 MP: 13/26
 11859 | Lair:4   | Killed from afar by a meliai

Levels and vault maps discovered:
D:1:      dpeg_arrival_tiny_c, layout_rooms
D:2:      minmay_roachtagon, layout_loops_ring, first_ration
D:3:      layout_basic, amethyst_overflow_temple_binary,
          gammafunk_temple_overflow_pools, serial_bayou_ford_a
D:4:      kennysheep_the_goblin_king, layout_layer_cave
D:5:      layout_cave_pools, basic_altar, ebering_ghost_disaster_area,
          minmay_bent
D:6:      layout_basic, temple_fountains, serial_shops, shop, shop,
          kennysheep_little_box, shop, shop, grunt_dithmenos_shadows
D:7:      layout_basic
D:8:      layout_loops_ring, grunt_livestock, minmay_misc_feat_four_crosses,
          uniq_psyche
D:9:      layout_roguey, zombieorc2_lemuel
D:10:     layout_basic, dpeg_lair_monsters, ebering_dispersal_statue_hall,
          minmay_liquid_box, billiards_dpeg, uniq_nergalle
D:11:     layout_gridville, lightli_elemental_guards
Lair:1:   layout_chaotic_city, minmay_hedge_maze, disabler_island
Lair:2:   layout_cave_shapes, kennysheep_abandoned_house
Lair:3:   layout_loops_ring, dummy_snake_entry, ebering_ghost_disaster_area,
          basic_altar, cheibrodos_lair_reptile_den, uniq_sonja
Lair:4:   layout_misc_corridors, minmay_shoals_entry_beasts, special_room
          [special_room_bee]
Lair:5:   layout_misc_corridors, minmay_slime_entry_oklob_enclosed,
          cheibrodos_lair_caveside_slide
Lair:6:   cheibrodos_lair_end_hotspot, layout_regular_city,
          chequers_serial_rivers_room_a, uniq_urug

Skill      XL: |  1  2  3  4  5  6  7  8  9 10 11 12 |
---------------+-------------------------------------+-----
Spellcasting   | 5 6 7 8 9 |  9.3
Invocations    | 1 2 3 4 5 6 7 8 |  8.5
Fighting       | 1 2 3 4 5 6 7 |  7.8
Short Blades   | 1 2 3 4 5 6 7 |  7.8
Long Blades    | 1 2 3 4 5 6 7 |  7.8
Axes           | 1 2 3 4 5 6 7 |  7.8
Maces & Flails | 1 2 3 4 5 6 7 |  7.8
Polearms       | 1 2 3 4 5 6 7 |  7.8
Staves         | 1 2 3 4 5 6 7 |  7.8
Slings         | 1 2 3 4 5 6 7 |  7.8
Bows           | 1 2 3 4 5 6 7 |  7.8
Crossbows      | 1 2 3 4 5 6 7 |  7.8
Throwing       | 1 2 3 4 5 6 7 |  7.8
Armour         | 1 2 3 4 5 6 7 |  7.8
Shields        | 1 2 3 4 5 6 7 |  7.8
Unarmed Combat | 1 2 3 4 5 6 7 |  7.8
Evocations     | 1 2 3 4 5 6 7 |  7.8
Conjurations   | 1 2 3 4 5 6 |  6.4
Hexes          | 1 2 3 4 5 6 |  6.4
Charms         | 1 2 3 4 5 6 |  6.4
Necromancy     | 1 2 3 4 5 6 |  6.4
Translocations | 1 2 3 4 5 6 |  6.4
Transmutations | 1 2 3 4 5 6 |  6.4
Fire Magic     | 1 2 3 4 5 6 |  6.4
Ice Magic      | 1 2 3 4 5 6 |  6.4
Air Magic      | 1 2 3 4 5 6 |  6.4
Earth Magic    | 1 2 3 4 5 6 |  6.4
Poison Magic   | 1 2 3 4 5 6 |  6.4
Dodging        | 5 6 7 8 9 |  9.1
Stealth        | 5 6 7 8 |  8.9
Summonings     | 8 9 |  9.7

Action                   |  1- 3 |  4- 6 |  7- 9 | 10-12 | 13-15 || total
-------------------------+-------+-------+-------+-------+-------++-------
Melee: Unarmed           |    33 |       |       |     1 |       ||    34
       Short sword       |    44 |    50 |       |       |       ||    94
       Bite              |     1 |     5 |    26 |    82 |     4 ||   118
       Punch             |       |     1 |     4 |     1 |       ||     6
       Falchion          |       |    31 |   168 |   431 |     5 ||   635
       Mace              |       |       |       |     8 |       ||     8
       Flail             |       |       |       |    41 |       ||    41
Throw: Stone             |       |     7 |    17 |    24 |       ||    48
       Dart              |       |     7 |    21 |    47 |       ||    75
       Boomerang         |       |       |       |     3 |       ||     3
 Cast: Summon Small Mamm |    46 |     2 |     1 |     1 |       ||    50
       Call Imp          |       |     6 |     4 |    17 |       ||    27
       Call Canine Famil |       |     6 |     8 |    18 |       ||    32
       Summon Lightning  |       |     6 |    29 |    89 |     1 ||   125
       Summon Ice Beast  |       |     1 |     1 |     2 |       ||     4
Invok: Minor Destruction |       |       |    12 |    22 |       ||    34
       Lesser Servant of |       |       |       |     2 |     1 ||     3
Evoke: Wand              |       |       |       |     6 |     4 ||    10
  Use: Potion            |       |     8 |     1 |       |     3 ||    12
       Scroll            |       |       |     3 |    17 |       ||    20
 Stab: Sleeping          |    11 |     5 |     9 |     8 |       ||    33
       Distracted        |     1 |     1 |     4 |    12 |       ||    18
  Eat: Chunk             |    10 |     8 |    15 |    22 |       ||    55
Armor: Robe              |    15 |    14 |     2 |       |       ||    31
       Skin              |       |    12 |       |       |       ||    12
       Ring mail         |       |       |    38 |    66 |     2 ||   106
Dodge: Dodged            |    60 |   102 |   157 |   311 |    55 ||   685
Block: Buckler           |       |       |       |   281 |    32 ||   313
       Reflection        |       |       |       |     3 |       ||     3
       Rpst.: Falchion   |       |    10 |    48 |    63 |     9 ||   130
